Map: Traitor's Exile

Players

PureLegacy - Winner!

  • Race: Terran Terran
  • League: Master
  • Spawn Location: 9:00

OptimusPrime - Winner!

  • Race: Terran Terran
  • Spawn Location: 12:00

Boltan

  • Race: Protoss Protoss
  • League: Diamond
  • Spawn Location: 5:00

Baneling

  • Race: Protoss Protoss
  • League: Diamond
  • Spawn Location: 6:00

VOD

Have the link to the VOD?

Description

Time

  • Played on: Dec. 3, 2018, 2:56 p.m.
  • Length: 3:30
Show
View Real Time Build Order
Export as new Build Order

PureLegacy Terran - Winner!

Build Orders:  

Get SALT Encoding   

  12  0:01  SCV  
  13  0:13  SCV  
  14  0:18  Supply Depot  
  14  0:25  SCV  
  15  0:31  Refinery  
  15  0:39  SCV  
  16  0:46  Barracks  
  16  0:58  SCV  
  16  1:03  Barracks  
  17  1:16  Barracks  
  17  1:20  SCV  
  18  1:34  Reaper  
  18  1:39  Orbital Command  
  19  1:46  Refinery  
  19  1:51  Reaper  
  20  1:59  Supply Depot  
  20  2:08  Reaper  
  21  2:12  Reaper, SCV  
  23  2:24  SCV  
  23  2:26  Reaper  
  23  2:27  Supply Depot  
  25  2:39  SCV  
  25  2:40  Reaper  
  27  2:44  Reaper  
  28  2:51  SCV  
  29  3:04  SCV  
  31  3:13  Command Center  
Show
View Real Time Build Order
Export as new Build Order

OptimusPrime Terran - Winner!

Build Orders:  

Get SALT Encoding   

  12  0:04  SCV  
  13  0:16  SCV  
  14  0:27  Supply Depot  
  14  0:29  SCV  
  15  0:53  Barracks  
  15  0:56  Refinery, SCV  
  16  1:03  Barracks  
  16  1:13  SCV  
  16  1:18  Barracks  
  17  1:26  SCV  
  17  1:31  Refinery  
  18  1:40  Reaper  
  19  1:49  Orbital Command  
  19  1:57  Reaper  
  20  2:09  Supply Depot  
  20  2:11  Reaper  
  21  2:20  SCV  
  22  2:27  Reaper  
  23  2:52  Reaper x2  
  25  3:25  Barracks, Engineering Bay  
  25  3:26  Barracks  
  25  3:27  Supply Depot  
Show
View Real Time Build Order
Export as new Build Order

Boltan Protoss 

Build Orders:  

Get SALT Encoding   

  12  0:02  Probe  
  13  0:14  Probe  
  13  0:21  Pylon  
  14  0:26  Probe  
  15  0:39  Probe  
  15  0:41  Gateway  
  16  0:45  Assimilator  
  16  0:51  Probe  
  17  1:03  Probe  
  18  1:14  Pylon  
  18  1:15  Probe  
  19  1:27  Probe  
  22  1:33  Cybernetics Core  
  22  1:39  Probe  
  23  1:53  Nexus  
  21  1:59  Stalker  
  21  2:03  Assimilator  
  23  2:23  Robotics Facility  
  23  2:26  Probe  
  24  2:35  Stalker  
  24  2:38  Probe  
  25  2:50  Probe  
  28  2:51  Gateway  
Show
View Real Time Build Order
Export as new Build Order

Baneling Protoss 

Build Orders:  

Get SALT Encoding   

  12  0:01  Probe  
  13  0:13  Probe  
  14  0:20  Pylon  
  14  0:25  Probe  
  15  0:38  Probe  
  16  0:44  Gateway  
  16  0:50  Assimilator, Probe  
  17  1:01  Assimilator  
  17  1:02  Probe  
  18  1:14  Probe  
  19  1:26  Gateway, Probe  
  20  1:38  Probe  
  21  1:43  Cybernetics Core  
  21  1:50  Probe  
  21  1:53  Pylon  
  22  2:02  Probe  
  23  2:10  Stalker x2  
  23  2:15  Probe  
  28  2:27  Probe  
  29  2:34  Pylon  
  28  2:42  Stalker  
  27  2:50  Probe  
  32  3:07  Probe  
  33  3:14  Twilight Council  
Tags
 
Add a new tag
Caveats
  • Supply blocks, unpowered buildings, or Contaminate may cause inaccurate times.
  • Supply counts are checked every 10 seconds.